 Dungeon Sprint DCSS version 0.24-a0-250-g6074511092 (webtiles) character file.

Game seed: 13674356099643403205

770 Redear the Magician (level 7, 0/60 HPs)
             Began as a Gnoll Skald on Apr 15, 2019.
             Was a High Priest of Makhleb.
             Slain by a freezing wraith (17 damage)
             ... in the Dungeon (Sprint VII: "The Pits").
             The game lasted 00:03:28 (928 turns).

Redear the Magician (Gnoll Skald)                    Turns: 928, Time: 00:03:29

Health: 0/60       AC:  9    Str: 15    XL:     7   Next: 83%
Magic:  13/18      EV: 15    Int: 16    God:    Makhleb [*****.]
Gold:   0          SH:  0    Dex: 14    Spells: 10/21 levels left

rFire    . . .     SeeInvis .   j - +4 long sword (flame)
rCold    . . .     Gourm    .   (no shield)
rNeg     . . .     Faith    .   l - +3 ring mail
rPois    .         Spirit   .   (no helmet)
rElec    .         Reflect  .   (no cloak)
rCorr    .         Harm     .   (no gloves)
MR       .....     NoTele   +   (no boots)
Stlth    ++........             (no amulet)
HPRegen  0.20/turn              (no ring)
MPRegen  0.16/turn              (no ring)

@: infused, slowed, very slow
A: distributed training, fangs 1, strong nose
a: Minor Destruction, Lesser Servant of Makhleb, Major Destruction, Greater
Servant of Makhleb, Renounce Religion


You were in the Dungeon.
You worshipped Makhleb.
Makhleb was extremely pleased with you.
You were not hungry.

You visited 1 branch

Inventory:

Hand Weapons
 a - a +0 dagger of electrocution
 j - a +4 long sword of flaming (weapon)
Armour
 b - a +0 leather armour
 k - a +3 chain mail
 l - a +3 ring mail (worn)
Scrolls
 d - 5 scrolls of amnesia
 e - a scroll of summoning
 B - a scroll of blinking {@r4}
 N - 3 scrolls of remove curse
Potions
 f - 4 potions of heal wounds {@q1}
 g - 2 potions of invisibility
 h - 4 potions of magic
 i - 3 potions of berserk rage
 H - a potion of haste {@q5}
 Q - 5 potions of curing
Comestibles
 c - 7 chunks of flesh
 z - 9 rations


   Skills:
 + Level 7.5 Fighting
 + Level 5.8 Short Blades
 + Level 7.5 Long Blades
 + Level 5.8 Axes
 + Level 5.8 Maces & Flails
 + Level 5.8 Polearms
 + Level 5.8 Staves
 + Level 5.8 Slings
 + Level 5.8 Bows
 + Level 5.8 Crossbows
 + Level 5.8 Throwing
 + Level 6.4 Armour
 + Level 7.5 Dodging
 + Level 5.8 Stealth
 + Level 5.8 Shields
 + Level 5.8 Unarmed Combat
 + Level 7.7 Spellcasting
 + Level 4.8 Conjurations
 + Level 4.8 Hexes
 + Level 7.4 Charms
 + Level 4.8 Summonings
 + Level 4.8 Necromancy
 + Level 4.8 Translocations
 + Level 4.8 Transmutations
 + Level 4.8 Fire Magic
 + Level 4.8 Ice Magic
 + Level 4.8 Air Magic
 + Level 4.8 Earth Magic
 + Level 4.8 Poison Magic
 + Level 6.4 Invocations
 + Level 5.8 Evocations


You had 10 spell levels left.
You knew the following spells:

 Your Spells              Type           Power        Failure   Level  Hunger
h - Shroud of Golubria    Chrm/Tloc      ####......   2%          2    None
y - Song of Slaying       Chrm           ####....     1%          2    None
z - Infusion              Chrm           ####         1%          1    None
R - Regeneration          Chrm/Necr      ####......   4%          3    ##.....
W - Spectral Weapon       Hex/Chrm       ####....     4%          3    ##.....

Your spell library contained the following spells:

 Spells                   Type           Power        Failure   Level  Hunger


Dungeon Overview and Level Annotations

Branches:
Dungeon (1/1)

Altars:
Ashenzari
Cheibriados
Dithmenos
Elyvilon
Fedhas
Gozag
Hepliaklqana
Kikubaaqudgha
Makhleb
Nemelex Xobeh
Okawaru
Qazlal
Ru
Sif Muna
Trog
Uskayaw
Vehumet
Wu Jian
Xom
Yredelemnul
Zin
The Shining One
Beogh
Jiyva
Lugonu


Innate Abilities, Weirdness & Mutations

Your experience applies equally to all skills.
You have very sharp teeth.
Your uncanny sense of smell can sniff out nearby items.


Message History

You don't know that spell.
You hit the freezing wraith. You burn the freezing wraith.
The freezing wraith is heavily damaged.
The freezing wraith closely misses you. x2
You closely miss the freezing wraith.
You bite the freezing wraith, but do no damage.
The freezing wraith is heavily damaged.
The freezing wraith hits you! The freezing wraith freezes you!!
The freezing wraith hits you! The freezing wraith drains your vigour!
You feel yourself slow down.
You take 37 damage, and have 22/60 hp.
MASSIVE DAMAGE!!
You closely miss the freezing wraith.
The freezing wraith is heavily damaged.
The freezing wraith barely misses you.
You riposte.
You hit the freezing wraith but do no damage.
The freezing wraith is heavily damaged.
The freezing wraith closely misses you. The freezing wraith hits you.
* * * LOW HITPOINT WARNING * * *
The freezing wraith freezes you!
You die...

#.#.)'.))).##.......#
#.#.†#..)..##.......#
#÷###########.......#
#.......#..##########
#..###..#.######
#.......#)#....#∆∆∆∆
##.###.##)#....#∆∆
#.......#.Wl...+∆∆
#..###..#@#T...#∆∆
#.......'(#....#∆∆
################


You could see a freezing wraith and a frilled lizard.

Vanquished Creatures
  A guardian mummy (D)
  A flying skull (D)
  Menkaure (D)
  A sky beast (D)
  A centaur (D)
  An orc wizard (D)
  An adder (D)
  A river rat (D)
  A white imp (D)
  An adder zombie (D)
  3 leopard geckos (D)
  An orc (D)
  A hobgoblin (D)
  5 jackals (D)
  2 quokkas (D)
  A ball python (D)
  A frilled lizard (D)
24 creatures vanquished.

Notes
Turn   | Place    | Note
-------+----------+-------------------------------------------
     0 | D        | Redear the Gnoll Skald began the quest for the Orb.
     0 | D        | Reached XP level 1. HP: 20/20 MP: 6/6
    22 | D        | HP: 2/20 [jackal (3)]
    27 | D        | Reached skill level 5 in Spellcasting
    33 | D        | Reached skill level 1 in Invocations
    68 | D        | Found a glowing golden altar of the Shining One.
    68 | D        | Found a glowing silver altar of Zin.
    68 | D        | Found a basalt altar of Yredelemnul.
    68 | D        | Found a shimmering altar of Xom.
    68 | D        | Found an ornate altar of the Wu Jian Council.
    68 | D        | Found a bloodstained altar of Trog.
    68 | D        | Found a deep blue altar of Sif Muna.
    68 | D        | Found a sacrificial altar of Ru.
    68 | D        | Found a stormy altar of Qazlal.
    68 | D        | Found an iron altar of Okawaru.
    68 | D        | Found a sparkling altar of Nemelex Xobeh.
    68 | D        | Found a burning altar of Makhleb.
    68 | D        | Found a viscous altar of Jiyva.
    68 | D        | Found a hazy altar of Hepliaklqana.
    68 | D        | Found an opulent altar of Gozag.
    68 | D        | Found a blossoming altar of Fedhas.
    68 | D        | Found a white marble altar of Elyvilon.
    68 | D        | Found a shadowy altar of Dithmenos.
    68 | D        | Found a snail-covered altar of Cheibriados.
    70 | D        | Found a corrupted altar of Lugonu.
    70 | D        | Found a radiant altar of Vehumet.
    70 | D        | Found a roughly hewn altar of Beogh.
    71 | D        | Found an ancient bone altar of Kikubaaqudgha.
    71 | D        | Found a hide-covered altar of Uskayaw.
    71 | D        | Found a shattered altar of Ashenzari.
    79 | D        | Became a worshipper of Makhleb the Destroyer
   268 | D        | Reached skill level 1 in Short Blades
   268 | D        | Reached skill level 1 in Axes
   268 | D        | Reached skill level 1 in Maces & Flails
   268 | D        | Reached skill level 1 in Polearms
   268 | D        | Reached skill level 1 in Staves
   268 | D        | Reached skill level 1 in Slings
   268 | D        | Reached skill level 1 in Bows
   268 | D        | Reached skill level 1 in Crossbows
   268 | D        | Reached skill level 1 in Throwing
   268 | D        | Reached skill level 1 in Stealth
   268 | D        | Reached skill level 1 in Shields
   268 | D        | Reached skill level 1 in Unarmed Combat
   268 | D        | Reached skill level 1 in Evocations
   268 | D        | Reached XP level 2. HP: 22/26 MP: 8/8
   391 | D        | Reached * piety under Makhleb
   391 | D        | Reached skill level 1 in Conjurations
   391 | D        | Reached skill level 1 in Hexes
   391 | D        | Reached skill level 1 in Summonings
   391 | D        | Reached skill level 1 in Necromancy
   391 | D        | Reached skill level 1 in Translocations
   391 | D        | Reached skill level 1 in Transmutations
   391 | D        | Reached skill level 1 in Fire Magic
   391 | D        | Reached skill level 1 in Ice Magic
   391 | D        | Reached skill level 1 in Air Magic
   391 | D        | Reached skill level 1 in Earth Magic
   391 | D        | Reached skill level 1 in Poison Magic
   396 | D        | Reached skill level 3 in Armour
   406 | D        | Reached ** piety under Makhleb
   415 | D        | Reached skill level 2 in Invocations
   415 | D        | Reached XP level 3. HP: 17/32 MP: 9/9
   638 | D        | Noticed Menkaure
   640 | D        | Reached skill level 5 in Fighting
   640 | D        | Reached skill level 2 in Short Blades
   640 | D        | Reached skill level 5 in Long Blades
   640 | D        | Reached skill level 2 in Axes
   640 | D        | Reached skill level 2 in Maces & Flails
   640 | D        | Reached skill level 2 in Polearms
   640 | D        | Reached skill level 2 in Staves
   640 | D        | Reached skill level 2 in Slings
   640 | D        | Reached skill level 2 in Bows
   640 | D        | Reached skill level 2 in Crossbows
   640 | D        | Reached skill level 2 in Throwing
   640 | D        | Reached skill level 5 in Dodging
   640 | D        | Reached skill level 2 in Stealth
   640 | D        | Reached skill level 2 in Shields
   640 | D        | Reached skill level 2 in Unarmed Combat
   640 | D        | Reached skill level 2 in Evocations
   642 | D        | Reached *** piety under Makhleb
   651 | D        | Killed Menkaure
   651 | D        | Reached **** piety under Makhleb
   651 | D        | Reached skill level 3 in Short Blades
   651 | D        | Reached skill level 3 in Axes
   651 | D        | Reached skill level 3 in Maces & Flails
   651 | D        | Reached skill level 3 in Polearms
   651 | D        | Reached skill level 3 in Staves
   651 | D        | Reached skill level 3 in Slings
   651 | D        | Reached skill level 3 in Bows
   651 | D        | Reached skill level 3 in Crossbows
   651 | D        | Reached skill level 3 in Throwing
   651 | D        | Reached skill level 4 in Armour
   651 | D        | Reached skill level 3 in Stealth
   651 | D        | Reached skill level 3 in Shields
   651 | D        | Reached skill level 3 in Unarmed Combat
   651 | D        | Reached skill level 6 in Spellcasting
   651 | D        | Reached skill level 2 in Conjurations
   651 | D        | Reached skill level 2 in Hexes
   651 | D        | Reached skill level 6 in Charms
   651 | D        | Reached skill level 2 in Summonings
   651 | D        | Reached skill level 2 in Necromancy
   651 | D        | Reached skill level 2 in Translocations
   651 | D        | Reached skill level 2 in Transmutations
   651 | D        | Reached skill level 2 in Fire Magic
   651 | D        | Reached skill level 2 in Ice Magic
   651 | D        | Reached skill level 2 in Air Magic
   651 | D        | Reached skill level 2 in Earth Magic
   651 | D        | Reached skill level 2 in Poison Magic
   651 | D        | Reached skill level 3 in Invocations
   651 | D        | Reached skill level 3 in Evocations
   651 | D        | Reached XP level 4. HP: 10/40 MP: 10/12
   651 | D        | Reached XP level 5. HP: 11/46 MP: 10/13
   830 | D        | Noticed a guardian mummy
   840 | D        | Killed a guardian mummy
   840 | D        | Reached skill level 6 in Fighting
   840 | D        | Reached skill level 4 in Short Blades
   840 | D        | Reached skill level 6 in Long Blades
   840 | D        | Reached skill level 4 in Axes
   840 | D        | Reached skill level 4 in Maces & Flails
   840 | D        | Reached skill level 4 in Polearms
   840 | D        | Reached skill level 4 in Staves
   840 | D        | Reached skill level 4 in Slings
   840 | D        | Reached skill level 4 in Bows
   840 | D        | Reached skill level 4 in Crossbows
   840 | D        | Reached skill level 4 in Throwing
   840 | D        | Reached skill level 5 in Armour
   840 | D        | Reached skill level 6 in Dodging
   840 | D        | Reached skill level 4 in Stealth
   840 | D        | Reached skill level 4 in Shields
   840 | D        | Reached skill level 4 in Unarmed Combat
   840 | D        | Reached skill level 7 in Spellcasting
   840 | D        | Reached skill level 4 in Conjurations
   840 | D        | Reached skill level 4 in Hexes
   840 | D        | Reached skill level 4 in Summonings
   840 | D        | Reached skill level 4 in Necromancy
   840 | D        | Reached skill level 4 in Translocations
   840 | D        | Reached skill level 4 in Transmutations
   840 | D        | Reached skill level 4 in Fire Magic
   840 | D        | Reached skill level 4 in Ice Magic
   840 | D        | Reached skill level 4 in Air Magic
   840 | D        | Reached skill level 4 in Earth Magic
   840 | D        | Reached skill level 4 in Poison Magic
   840 | D        | Reached skill level 5 in Invocations
   840 | D        | Reached skill level 4 in Evocations
   840 | D        | Reached XP level 6. HP: 40/53 MP: 10/16
   868 | D        | Noticed a sky beast
   868 | D        | Noticed a flying skull
   871 | D        | Reached skill level 5 in Short Blades
   871 | D        | Reached skill level 5 in Axes
   871 | D        | Reached skill level 5 in Maces & Flails
   871 | D        | Reached skill level 5 in Polearms
   871 | D        | Reached skill level 5 in Staves
   871 | D        | Reached skill level 5 in Slings
   871 | D        | Reached skill level 5 in Bows
   871 | D        | Reached skill level 5 in Crossbows
   871 | D        | Reached skill level 5 in Throwing
   871 | D        | Reached skill level 5 in Stealth
   871 | D        | Reached skill level 5 in Shields
   871 | D        | Reached skill level 5 in Unarmed Combat
   871 | D        | Reached skill level 5 in Evocations
   871 | D        | Reached XP level 7. HP: 42/59 MP: 12/17
   875 | D        | Reached ***** piety under Makhleb
   875 | D        | Reached skill level 7 in Fighting
   875 | D        | Reached skill level 7 in Long Blades
   875 | D        | Reached skill level 7 in Dodging
   875 | D        | Reached skill level 7 in Charms
   883 | D        | Killed a flying skull
   883 | D        | Reached skill level 6 in Armour
   883 | D        | Reached skill level 6 in Invocations
   905 | D        | Learned a level 2 spell: Song of Slaying
   908 | D        | Learned a level 2 spell: Shroud of Golubria
   912 | D        | Learned a level 3 spell: Regeneration
   916 | D        | Learned a level 3 spell: Spectral Weapon
   916 | D        | Noticed a troll
   916 | D        | Noticed a freezing wraith
   928 | D        | Slain by a freezing wraith

Levels and vault maps discovered:
D:        pitsprint [storerooms_1, entrance_room_1, metal_vault_4, armoury_1,
          mini_pit_1, grid_room_1, main_hall_1, silver_pit, the_coven_3,
          the_vestibule_1, steel_vault_4, golden_pit, hallway_of_sentries,
          crystal_vault_2, iron_vault_2, final_vault]

Skill      XL: |  1  2  3  4  5  6  7 |
---------------+----------------------+-----
Spellcasting   | 5 6 7 |  7.7
Invocations    | 1 2 3 5 6 |  6.4
Short Blades   | 1 3 4 5 |  5.8
Axes           | 1 3 4 5 |  5.8
Maces & Flails | 1 3 4 5 |  5.8
Polearms       | 1 3 4 5 |  5.8
Staves         | 1 3 4 5 |  5.8
Slings         | 1 3 4 5 |  5.8
Bows           | 1 3 4 5 |  5.8
Crossbows      | 1 3 4 5 |  5.8
Throwing       | 1 3 4 5 |  5.8
Stealth        | 1 3 4 5 |  5.8
Shields        | 1 3 4 5 |  5.8
Unarmed Combat | 1 3 4 5 |  5.8
Evocations     | 1 3 4 5 |  5.8
Conjurations   | 1 2 4 |  4.8
Hexes          | 1 2 4 |  4.8
Summonings     | 1 2 4 |  4.8
Necromancy     | 1 2 4 |  4.8
Translocations | 1 2 4 |  4.8
Transmutations | 1 2 4 |  4.8
Fire Magic     | 1 2 4 |  4.8
Ice Magic      | 1 2 4 |  4.8
Air Magic      | 1 2 4 |  4.8
Earth Magic    | 1 2 4 |  4.8
Poison Magic   | 1 2 4 |  4.8
Armour         | 3 4 5 6 |  6.4
Fighting       | 5 6 7 |  7.5
Long Blades    | 5 6 7 |  7.5
Dodging        | 5 6 7 |  7.5
Charms         | 6 7 |  7.4

Action                   |  1- 3 |  4- 6 |  7- 9 || total
-------------------------+-------+-------+-------++-------
Melee: Falchion          |    48 |       |       ||    48
       Bite              |     5 |     1 |     2 ||     8
       Long sword        |    12 |    10 |    22 ||    44
 Cast: Infusion          |       |     2 |     1 ||     3
  Use: Potion            |     1 |     2 |       ||     3
 Stab: Sleeping          |     1 |       |       ||     1
Armor: Leather armour    |    11 |       |       ||    11
       Ring mail         |     6 |     1 |    11 ||    18
Dodge: Dodged            |    56 |     2 |    22 ||    80
       Rpst.: Falchion   |     5 |       |       ||     5
       Long sword        |     2 |     1 |     6 ||     9

Table legend:
 A = Non-vault XP
 B = Vault XP
 C = Vault XP percentage of total XP
 D = Non-vault monster count
 E = Vault monster count
 F = Vault count percentage of total count
                 A         B        C        D         E       F
            +---------+---------+-------+---------+---------+-------
      Total |       0 |    1101 | 100.0 |       0 |      24 | 100.0
            +---------+---------+-------+---------+---------+-------
          D |       0 |    1101 | 100.0 |       0 |      24 | 100.0
            +---------+---------+-------+---------+---------+-------
